 Dungeon Crawl Stone Soup version 0.22-a0-866-geee5034 (webtiles) character file.

25823 VLARC the Carver (level 13, -1/72 HPs)
             Began as a Vine Stalker Fighter on July 28, 2018.
             Was an Elder of Kikubaaqudgha.
             Killed from afar by an ice dragon (16 damage)
             ... with a blast of cold
             ... in an ice cave.
             The game lasted 00:36:39 (12299 turns).

VLARC the Carver (Vine Stalker Fighter)            Turns: 12299, Time: 00:36:39

Health: -1/72      AC: 13    Str: 29    XL:     13   Next: 22%
Magic:  0/28       EV: 12    Int: 12    God:    Kikubaaqudgha [****..]
Gold:   698        SH:  5    Dex: 15    Spells: 3/32 levels left

rFire    . . .     SeeInvis .   I - +2 long sword (elec)
rCold    . . .     Gourm    .   u - +0 buckler
rNeg     . . .     Faith    .   e - +0 scale mail
rPois    +         Spirit   +   m - +0 helmet
rElec    .         Reflect  .   b - +1 cloak
rCorr    .         Harm     .   p - +0 pair of gloves
MR       +....                  x - +0 pair of boots "Naty" {Str+5}
Stlth    ..........             (no amulet)
HPRegen  1.02/turn              z - +2 ring of evasion
MPRegen  0.21/turn              y - ring of poison resistance

@: mighty, hasted, very quick
A: fangs 3, regeneration 2, magic shield, antimagic bite, no potion heal 3, rot
immunity
a: Receive Corpses, Renounce Religion


You were in an ice cave.
You worshipped Kikubaaqudgha.
Kikubaaqudgha was greatly pleased with you.
You were hungry.

You visited 2 branches of the dungeon, and saw 14 of its levels.
You also visited: Labyrinth and Ice Cave.

You collected 945 gold pieces.
You spent 247 gold pieces at shops.

Inventory:

Hand Weapons
 I - a +2 long sword of electrocution (weapon)
Armour
 b - a +1 cloak (worn)
 c - a +0 shield
 e - a +0 scale mail (worn)
 m - a +0 helmet (worn)
 p - a +0 pair of gloves (worn)
 u - a +0 buckler (worn)
 x - the +0 pair of boots "Naty" (worn) {Str+5}
   (You bought it in a shop on level 10 of the Dungeon)

   It affects your strength (+5).
 O - +2 fire dragon scales
Magical Staves
 C - an uncursed staff of wizardry
Jewellery
 y - a ring of poison resistance (right hand)
 z - a +2 ring of evasion (left hand)
 D - an uncursed ring of see invisible
 N - an uncursed ring of flight
Wands
 a - a wand of random effects (28)
 g - a wand of digging (29)
 l - a wand of enslavement (5)
 F - a wand of polymorph (8)
Scrolls
 j - 5 scrolls of enchant weapon
 n - 5 scrolls of fog
 o - a scroll of enchant armour
 s - 4 scrolls of remove curse
 v - a scroll of magic mapping
 B - 2 scrolls of teleportation
Potions
 h - 8 potions of curing
 i - a potion of magic
 k - 5 potions of lignification
 r - a potion of brilliance
 t - 2 potions of berserk rage
 w - 3 potions of flight
 E - a potion of invisibility {unknown}
 G - a potion of cancellation {unknown}
 H - 2 potions of resistance {unknown}
 J - a potion of degeneration {unknown}
Comestibles
 f - 30 rations


   Skills:
 - Level 10.3 Fighting
 + Level 11.0 Long Blades
 + Level 4.9 Armour
 - Level 4.3 Shields
 - Level 10.0 Spellcasting
 + Level 8.0 Necromancy
 - Level 5.0 Translocations


You had 3 spell levels left.
You knew the following spells:

 Your Spells              Type           Power        Failure   Level  Hunger
a - Blink                 Tloc           N/A          4%          2    None
b - Animate Dead          Necr           N/A          9%          4    ####...
c - Simulacrum            Ice/Necr       ###.......   100%        6    #######
d - Borgnjor's Vile Clut  Necr/Erth      ###.......   78%         5    #####..
e - Corpse Rot            Necr           N/A          1%          2    None
f - Dispel Undead         Necr           ####....     24%         5    #####..
g - Agony                 Necr           ####....     24%         5    #####..

Your spell library contained the following spells:

 Spells                   Type           Power        Failure   Level  Hunger
 Magic Dart               Conj           #...         24%         1    None
 Conjure Flame            Conj/Fire      #.......     58%         3    ##.....
 Lightning Bolt           Conj/Air       #.........   100%        5    #####..
 Slow                     Hex            #.......     36%         2    None
 Confuse                  Hex            #.......     58%         3    ##.....
 Throw Flame              Conj/Fire      #.....       36%         2    None
 Throw Frost              Conj/Ice       #.....       36%         2    None
 Freezing Cloud           Conj/Ice/Air   #.........   100%        6    #######
 Mephitic Cloud           Conj/Pois/Air  #.......     58%         3    ##.....
 Pain                     Necr           ####         1%          1    None
 Vampiric Draining        Necr           ####......   2%          3    ##.....
 Freeze                   Ice            #...         24%         1    None
 Summon Ice Beast         Ice/Summ       #.......     94%         4    ####...
 Ozocubu's Armour         Chrm/Ice       #.......     58%         3    ##.....
 Call Imp                 Summ           #.......     36%         2    None
 Sublimation of Blood     Necr           ####......   1%          2    None
 Tukima's Dance           Hex            #.......     58%         3    ##.....
 Stone Arrow              Conj/Erth      #.....       58%         3    ##.....
 Shock                    Conj/Air       #...         24%         1    None
 Swiftness                Chrm/Air       #.......     36%         2    None
 Recall                   Summ/Tloc      N/A          26%         3    ##.....
 Death Channel            Necr           ####......   80%         6    #######
 Throw Icicle             Conj/Ice       #.......     94%         4    ####...
 Airstrike                Air            #.........   94%         4    ####...
 Confusing Touch          Hex            #.....       24%         1    None
 Passwall                 Tmut/Erth      #.......     36%         2    None
 Metabolic Englaciation   Hex/Ice        #.........   100%        5    #####..
 Static Discharge         Conj/Air       #.......     58%         3    ##.....
 Corona                   Hex            #......      24%         1    None
 Lee's Rapid Deconstruct  Erth           #.........   100%        5    #####..
 Sandblast                Erth           #.....       24%         1    None
 Petrify                  Tmut/Erth      #.......     94%         4    ####...
 Tornado                  Air            #.........   100%        9    #######
 Inner Flame              Hex/Fire       #.......     58%         3    ##.....
 Fulminant Prism          Conj/Hex       #.........   94%         4    ####...
 Gell's Gravitas          Tloc           ###.......   10%         3    ##.....
 Yara's Violent Unravell  Hex/Tmut       #.........   100%        5    #####..


Dungeon Overview and Level Annotations

Branches:
Dungeon (11/15)            Temple (0/1) D:7            Lair (3/6) D:11
  Swamp (0/4) Lair:2          Orc (0/2) D:11
  Snake: Lair:2-4    Spider: Lair:2-4

Altars:
Kikubaaqudgha
Makhleb
Trog
Uskayaw

Shops:
D:10 [


Innate Abilities, Weirdness & Mutations

You have razor-sharp teeth.
You heal very quickly.
When hurt, damage is shared between your health and your magic reserves.
Your bite disrupts and absorbs the magic of your enemies.
Potions cannot restore your health.
You are immune to rotting.


Message History

Your rime drake zombie holds its ground!
The ice dragon bites you. You block the ice dragon's attack.
The ice dragon tramples you but does no damage.
Your rime drake zombie closely misses the ice dragon.
You feel yourself speed up. Something bites your rime drake zombie!
Something claws your rime drake zombie.
Something tramples your rime drake zombie.
Your rime drake zombie holds its ground!
Your rime drake zombie is destroyed!
The ice dragon breathes frost at you. The blast of cold hits you!
* * * LOW HITPOINT WARNING * * *
You hit the ice dragon but do no damage.
Lightning courses through the ice dragon!
Your bite misses the ice dragon.
The ice dragon is lightly wounded.
The ice dragon breathes frost at you. The blast of cold hits you!
You die...
Kikubaaqudgha rasps: "You have failed me!
Welcome... death!"

##..## #
###..##
#...##
###.###
##.#..#
#..##.##
#...#..#
##.#...##
#.@#####
#...#
#.D##
#D## #..#
#....$$$#
###
##.D..$$#
##.##
.....$#≈
#...##
.....$#≈≈
##Z#..#


You could see 2 ice dragons.

Vanquished Creatures
  A minotaur (Lab)
  5 two-headed ogres
  A centaur warrior (D:10)
  Pikel (D:4)
  An ugly thing (D:10)
  Maurice (D:9)
  2 ice statues (IceCv)
  A gargoyle (D:11)
  5 spiny frogs
  2 rime drakes (IceCv)
  2 komodo dragons
  4 trolls
  2 polar bears (D:11)
  Prince Ribbit (Lair:2)
  Grinder (D:4)
  6 blink frogs
  6 hippogriffs
  A shadow (D:11)
  A wraith (D:11)
  A wyvern (D:9)
  26 yaks
  Grum (D:8)
  2 hungry ghosts
  Edmund (D:5)
  3 water moccasins
  An eye of draining (D:8)
  7 porcupines
  A slave (D:4)
  A swamp drake (Lair:2)
  18 ice beasts
  2 sky beasts
  7 ogres
  3 centaurs
  8 wolves
  4 crocodiles
  Blork the orc (D:5)
  6 bullfrogs
  A wyvern skeleton (D:10)
  A scorpion (D:5)
  4 howler monkeys
  4 crimson imps
  A jelly (D:10)
  3 orc priests (D:5)
  8 hounds
  10 orc wizards
  3 bullfrog skeletons
  7 iguanas
  Ijyb (D:3)
  Terence (D:3)
  8 worker ants
  2 killer bee zombies
  2 hound zombies
  2 hound skeletons
  Robin (D:3)
  3 gnolls (D:9)
  16 adders
  4 shadow imps
  An adder skeleton (D:2)
  A worm (D:2)
  3 dart slugs
  7 leopard geckos
  30 orcs
  11 bats
  4 giant cockroaches
  18 goblins
  9 hobgoblins
  13 jackals
  3 kobolds
  7 quokkas
  2 ball pythons (D:1)
  7 frilled lizards
  A jackal skeleton (D:9)
  A leopard gecko skeleton (D:5)
  10 rats
347 creatures vanquished.

Vanquished Creatures (collateral kills)
  A hydra (Lair:2)
  A spiny frog (Lair:2)
  A komodo dragon (Lair:2)
  A yak (Lair:3)
  A soldier ant (D:9)
  A worker ant (D:9)
6 creatures vanquished.

Vanquished Creatures (others)
  2 hornets (D:9)
  A fungus (Lair:2)
3 creatures vanquished.

Grand Total: 356 creatures vanquished

Notes
Turn   | Place    | Note
-------+----------+-------------------------------------------
     0 | D:1      | VLARC the Vine Stalker Fighter began the quest for the Orb.
     0 | D:1      | Reached XP level 1. HP: 11/11 MP: 2/2
    37 | D:1      | Reached skill level 2 in Long Blades
    40 | D:1      | Reached XP level 2. HP: 16/16 MP: 1/4
   109 | D:1      | You fall through a shaft!
   117 | D:2      | Reached skill level 1 in Spellcasting
   551 | D:1      | Reached XP level 3. HP: 15/20 MP: 5/5
  1117 | D:2      | Gained mutation: Your natural rate of healing is unusually fast. [Vine Stalker growth]
  1117 | D:2      | Reached XP level 4. HP: 24/24 MP: 7/7
  1511 | D:3      | Noticed Robin
  1591 | D:3      | Killed Robin
  1626 | D:3      | Reached skill level 3 in Long Blades
  1646 | D:3      | Noticed Terence
  1656 | D:3      | Killed Terence
  1656 | D:3      | Reached XP level 5. HP: 24/29 MP: 6/9
  1773 | D:3      | Noticed Ijyb
  1789 | D:3      | Killed Ijyb
  1960 | D:4      | Found a hide-covered altar of Uskayaw.
  2020 | D:4      | Identified the Catalogue of Bewitching Fire
  2050 | D:4      | Noticed an ogre
  2057 | D:4      | Killed an ogre
  2057 | D:4      | Reached XP level 6. HP: 33/33 MP: 11/11
  2070 | D:4      | Learned a level 2 spell: Blink
  2081 | D:4      | Noticed Grinder
  2093 | D:4      | Paralysed by Grinder for 6 turns
  2105 | D:4      | Killed Grinder
  2105 | D:4      | Reached skill level 4 in Long Blades
  2105 | D:4      | Reached XP level 7. HP: 26/38 MP: 8/13
  2264 | D:4      | Reached skill level 5 in Fighting
  2616 | D:4      | Noticed Pikel
  2679 | D:4      | Killed Pikel
  2679 | D:4      | Reached skill level 5 in Long Blades
  2679 | D:4      | Reached skill level 5 in Spellcasting
  2679 | D:4      | Gained mutation: You have razor-sharp teeth. [Vine Stalker growth]
  2679 | D:4      | Reached XP level 8. HP: 30/44 MP: 8/17
  2975 | D:5      | Entered Level 5 of the Dungeon
  2975 | D:5      | Noticed Edmund
  3008 | D:5      | Noticed Blork the orc
  3016 | D:5      | Killed Blork the orc
  3411 | D:5      | Killed Edmund
  3411 | D:5      | Reached skill level 6 in Long Blades
  4004 | D:6      | Reached XP level 9. HP: 49/49 MP: 19/19
  4024 | D:6      | Found an ancient bone altar of Kikubaaqudgha.
  4034 | D:6      | Became a worshipper of Kikubaaqudgha
  4812 | D:7      | Reached * piety under Kikubaaqudgha
  4812 | D:7      | Identified Kikubaaqudgha's Compendium of Evil (Kikubaaqudgha gifted it to you on level 7 of the Dungeon)
  4812 | D:7      | Received a gift from Kikubaaqudgha
  4881 | D:7      | Reached skill level 7 in Long Blades
  5198 | D:7      | Found a burning altar of Makhleb.
  5200 | D:7      | Noticed a green death
  5293 | D:7      | Found a staircase to the Ecumenical Temple.
  5390 | D:8      | Noticed a two-headed ogre
  5399 | D:8      | Reached XP level 10. HP: 56/56 MP: 22/22
  5474 | D:8      | Killed a two-headed ogre
  5690 | D:8      | Noticed Grum
  5858 | D:8      | Killed Grum
  6271 | D:8      | Reached ** piety under Kikubaaqudgha
  6290 | D:8      | Reached skill level 8 in Long Blades
  6537 | D:9      | Noticed a two-headed ogre
  6545 | D:9      | Killed a two-headed ogre
  6778 | D:9      | Noticed Maurice
  6798 | D:9      | Killed Maurice
  6798 | D:9      | Reached XP level 11. HP: 58/62 MP: 25/25
  7276 | D:10     | Entered Level 10 of the Dungeon
  7276 | D:10     | Noticed a white ugly thing
  7400 | D:10     | Reached skill level 9 in Long Blades
  7621 | D:10     | Noticed a two-headed ogre
  7667 | D:10     | Killed a two-headed ogre
  7733 | D:10     | Noticed a centaur warrior
  7745 | D:10     | Killed a centaur warrior
  7745 | D:10     | Reached skill level 1 in Necromancy
  7933 | D:10     | Killed a white ugly thing
  7933 | D:10     | Reached skill level 10 in Spellcasting
  7979 | D:10     | Found Aloin's Antique Armour Shoppe.
  7987 | D:10     | Bought a pair of faintly glowing boots for 247 gold pieces
  7997 | D:10     | Identified the +0 pair of boots "Naty" {Str+5} (You bought it in a shop on level 10 of the Dungeon)
  8211 | D:10     | Reached *** piety under Kikubaaqudgha
  8211 | D:10     | Identified Kikubaaqudgha's Papyrus of Necromancy (Kikubaaqudgha gifted it to you on level 10 of the Dungeon)
  8211 | D:10     | Received a gift from Kikubaaqudgha
  8218 | D:10     | Learned a level 4 spell: Animate Dead
  8225 | D:10     | Learned a level 6 spell: Simulacrum
  8231 | D:10     | Learned a level 5 spell: Borgnjor's Vile Clutch
  8234 | D:10     | Learned a level 2 spell: Corpse Rot
  8240 | D:10     | Learned a level 5 spell: Dispel Undead
  8246 | D:10     | Learned a level 5 spell: Agony
  8298 | D:10     | Identified the Catalogue of Feathery Battle Magic
  8381 | D:10     | Noticed a two-headed ogre
  8404 | D:10     | Killed a two-headed ogre
  8744 | D:11     | Found a labyrinth entrance.
  8750 | Lab      | Entered a labyrinth
  9070 | Lab      | Noticed a minotaur
  9089 | Lab      | Killed a minotaur
  9089 | Lab      | Reached skill level 10 in Fighting
  9217 | D:11     | Found a bloodstained altar of Trog.
  9221 | D:11     | Gained mutation: You heal very quickly. [Vine Stalker growth]
  9221 | D:11     | Reached XP level 12. HP: 67/67 MP: 27/27
  9222 | D:11     | Noticed a two-headed ogre
  9231 | D:11     | Reached skill level 5 in Necromancy
  9244 | D:11     | Killed a two-headed ogre
  9244 | D:11     | Reached skill level 10 in Long Blades
  9296 | D:11     | Found a staircase to the Lair.
  9450 | D:11     | Found a staircase to the Orcish Mines.
  9592 | Lair:1   | Entered Level 1 of the Lair of Beasts
  9684 | Lair:1   | Reached skill level 1 in Translocations
 10308 | Lair:2   | Noticed a six-headed hydra
 10494 | Lair:2   | Reached **** piety under Kikubaaqudgha
 10540 | Lair:2   | Found a staircase to the Swamp.
 10865 | Lair:2   | Noticed Prince Ribbit
 10881 | Lair:2   | Killed Prince Ribbit
 11439 | Lair:2   | Killed a seven-headed hydra
 11844 | Lair:3   | Reached XP level 13. HP: 65/72 MP: 25/28
 11857 | Lair:3   | Found a frozen archway.
 12022 | IceCv    | Entered an ice cave
 12059 | IceCv    | Reached skill level 11 in Long Blades
 12268 | IceCv    | Reached skill level 5 in Translocations
 12291 | IceCv    | Noticed an ice dragon
 12291 | IceCv    | Noticed an ice dragon
 12299 | IceCv    | Killed from afar by an ice dragon

Vault maps used:
D:1:      minmay_arrival_semitransparent
D:3:      first_ration, uniq_terence, uniq_robin, uniq_ijyb
D:4:      eat_drink_and_be_merry_uskayaw, uniq_pikel, uniq_grinder
D:5:      uniq_blork_the_orc, uniq_edmund
D:6:      basic_altar, kennysheep_generic_room_15
D:7:      minmay_temple_entry_fiery, makhleb_altar_promises_db
D:8:      uniq_grum
D:9:      hangedman_pestilent_swarm, uniq_maurice
D:10:     serial_shops, shop, mrwooster_statue_mirror
D:11:     lair_entry_dummy, orc_0_dummy, lab_entry_generic, trog_ov_bears_minmay
Lair:2:   minmay_swamp_entry_reptiles, grunt_megastairs_5,
          infiniplex_staircase_pool_2, uniq_prince_ribbit2
Lair:3:   portal_ice_cave_entry_pillars_1, pond
Lab:      labyrinth_hidden_loot
IceCv:    ice_cave_small_dragons

Skill      XL: |  1  2  3  4  5  6  7  8  9 10 11 12 13 |
---------------+----------------------------------------+-----
Long Blades    | 2 3 4 5 6 7 8 9 10 11 | 11.0
Spellcasting   | 1 2 3 5 6 7 9 10 | 10.0
Fighting       | 3 4 5 6 7 9 10 | 10.3
Shields        | 3 4 |  4.3
Necromancy     | 4 7 8 |  8.0
Translocations | 4 5 |  5.0
Armour         | 4 |  4.9

Action                   |  1- 3 |  4- 6 |  7- 9 | 10-12 | 13-15 || total
-------------------------+-------+-------+-------+-------+-------++-------
Melee: Long sword        |   101 |   133 |   383 |   554 |   107 ||  1278
       Bite              |    24 |    46 |   131 |   234 |    48 ||   483
 Cast: Corpse Rot        |       |       |       |     5 |       ||     5
       Animate Dead      |       |       |       |     4 |     4 ||     8
       Blink             |       |       |       |     4 |       ||     4
Invok: Receive Corpses   |       |       |       |     3 |       ||     3
Evoke: Wand              |       |     3 |     1 |    25 |       ||    29
       Phantom mirror    |       |       |       |     1 |       ||     1
  Use: Scroll            |       |       |    10 |    10 |     2 ||    22
       Potion            |       |       |       |     1 |     2 ||     3
  Eat: Chunk             |     1 |     3 |    10 |    21 |     2 ||    37
       Ration            |       |       |     3 |     1 |       ||     4
Armor: Scale mail        |    41 |    59 |   151 |    94 |    39 ||   384
       Fire dragon scale |       |       |       |   119 |    11 ||   130
Dodge: Dodged            |    33 |    41 |   100 |   276 |    50 ||   500
Block: Shield            |    63 |    89 |   129 |       |       ||   281
       Buckler           |       |       |     4 |   144 |    22 ||   170
       Rpst.: Long sword |     8 |    17 |    38 |    69 |    10 ||   142

Table legend:
 A = Spawn XP
 B = Non-spawn XP
 C = Spawn XP percentage of total XP
 D = Spawn monster count
 E = Non-spawn monster count
 F = Spawn count percentage of total count
 G = Total turns spent on level
                    A         B        C        D         E        F      G
               +---------+---------+-------+---------+---------+-------+---------
         Total |       0 |   36891 |   0.0 |       0 |     353 |   0.0 | 12299
               +---------+---------+-------+---------+---------+-------+---------
           D:1 |       0 |      45 |   0.0 |       0 |      23 |   0.0 |   758
           D:2 |       0 |      80 |   0.0 |       0 |      39 |   0.0 |   801
           D:3 |       0 |     160 |   0.0 |       0 |      20 |   0.0 |   401
           D:4 |       0 |    1391 |   0.0 |       0 |      18 |   0.0 |  1044
           D:5 |       0 |     666 |   0.0 |       0 |      24 |   0.0 |   931
           D:6 |       0 |     723 |   0.0 |       0 |      20 |   0.0 |   777
           D:7 |       0 |    1078 |   0.0 |       0 |      30 |   0.0 |   633
           D:8 |       0 |    3262 |   0.0 |       0 |      27 |   0.0 |  1120
           D:9 |       0 |    2336 |   0.0 |       0 |      25 |   0.0 |   854
          D:10 |       0 |    6621 |   0.0 |       0 |      28 |   0.0 |  1265
          D:11 |       0 |    4243 |   0.0 |       0 |      23 |   0.0 |   642
        Lair:1 |       0 |    4518 |   0.0 |       0 |      23 |   0.0 |   962
        Lair:2 |       0 |    5232 |   0.0 |       0 |      24 |   0.0 |  1306
        Lair:3 |       0 |    1963 |   0.0 |       0 |      10 |   0.0 |   133
           Lab |       0 |    1133 |   0.0 |       0 |       1 |   0.0 |   395
         IceCv |       0 |    3440 |   0.0 |       0 |      18 |   0.0 |   277
               +---------+---------+-------+---------+---------+-------+---------
